 Dungeon Crawl Stone Soup version 0.23-b1-70-gd12f7cf (webtiles) character file.

Game seed: 6178422625710379042

126 poirepourri the Covert (level 4, -1/21 HPs)
             Began as a Spriggan Enchanter on Feb 6, 2019.
             Killed by divine providence
             ... invoked by an orc priest
              (14 damage)
             ... on level 3 of the Dungeon.
             The game lasted 00:03:29 (3486 turns).

poirepourri the Covert (Spriggan Enchanter)         Turns: 3486, Time: 00:03:30

Health: -1/21      AC:  3    Str:  4    XL:     4   Next: 84%
Magic:  3/9        EV: 18    Int: 16    God:
Gold:   142        SH:  0    Dex: 17    Spells: 2/8 levels left

rFire    . . .     SeeInvis +   a - +1 dagger
rCold    . . .     Gourm    .   (shield restricted)
rNeg     + . .     Faith    .   b - +0 robe
rPois    .         Spirit   .   (helmet restricted)
rElec    .         Reflect  .   k - +0 cloak
rCorr    .         Harm     .   (gloves unavailable)
MR       .....                  (boots unavailable)
Stlth    +++++.....             (no amulet)
HPRegen  0.07/turn              i - ring of positive energy
MPRegen  0.11/turn              m - ring of stealth

@: very quick
A: very small, unfitting armour, see invisible, herbivore, speed 3, slow
metabolism 2
a: no special abilities


You were on level 3 of the Dungeon.
You were not hungry.

You visited 1 branch of the dungeon, and saw 3 of its levels.

You collected 142 gold pieces.

Inventory:

Hand Weapons
 a - a +1 dagger (weapon)
Armour
 b - a +0 robe (worn)
 k - a +0 cloak (worn)
Jewellery
 i - a ring of positive energy (left hand)
 m - a ring of stealth (right hand)
Scrolls
 j - a scroll of teleportation
Potions
 c - 2 potions of curing
 e - 2 potions of lignification
 f - a potion of mutation {unknown}
 g - 2 potions of heal wounds {unknown}
 h - a potion of cancellation {unknown}
Comestibles
 d - 8 rations


   Skills:
 - Level 1.1 Short Blades
 - Level 3.0 Dodging
 + Level 8.7 Stealth
 - Level 2.6 Spellcasting
 - Level 3.6 Hexes


You had 2 spell levels left.
You knew the following spells:

 Your Spells              Type           Power        Failure   Level  Hunger
a - Corona                Hex            ##.....      4%          1    #......
b - Ensorcelled Hibernat  Hex/Ice        #.....       14%         2    ##.....
c - Confuse               Hex            ##......     13%         3    ###....

Your spell library contained the following spells:

 Spells                   Type           Power        Failure   Level  Hunger
 Tukima's Dance           Hex            ##......     13%         3    ###....
 Dazzling Spray           Conj/Hex       #.....       28%         3    ###....


Dungeon Overview and Level Annotations

Branches:
Dungeon (3/15)

Altars:


Innate Abilities, Weirdness & Mutations

You are very small and have problems with some larger weapons.
You are too small for most types of armour.
You have supernaturally acute eyesight. (SInv)
You are a herbivore.
You cover ground extremely quickly.
You need to consume almost no food.


Message History

Press: ? - help, Shift-Dir - straight line, f/p - orc
Aim: an orc, wearing a +0 leather armour (chance to defeat MR: 56%)
The orc resists with significant effort.
The orc priest shouts!
The orc misses you.
You hit the orc.
The orc is lightly wounded.
The orc misses you.
You hit the orc but do no damage.
The orc is lightly wounded.
The orc closely misses you.
You hit the orc but do no damage.
The orc is lightly wounded.
The orc hits you.
You hit the orc but do no damage. The orc misses you.
You closely miss the orc.
The orc priest mumbles some strange prayers to Beogh against you.
Beogh smites you!
Ouch! That really hurt!
You die...

.##.#
###.#####..####.######.*
.##.####.....##.###
#........*
.##...##.>...###.##
##.#####..* ....#.##.....#
##<###.).......*
###...##.....#
##.#...#####.#*
##.###.....# ##.#........#
#.# ####### #.##.#####.#
#.##############..........#
#.#.......##.@oo.#..#####.#
#(#.#####.##.######.......#
#.#......>..)...###.#####.#
#......##.##.##...........#
###..#.##.##.##.##........#
#.......##.##.###########
##.#.......##.#
#.####.#####.#
#............#


You could see an orc priest and an orc.

Vanquished Creatures
  Crazy Yiuf (D:2)
  4 adders
  An ooze (D:1)
  A worm (D:2)
  A dart slug (D:1)
  3 leopard geckos
  2 orcs (D:3)
  A ball python (D:1)
  4 bats
  A giant cockroach (D:2)
  5 goblins
  6 hobgoblins
  5 kobolds
  2 quokkas (D:3)
  5 frilled lizards
  7 rats
49 creatures vanquished.

Notes
Turn   | Place    | Note
-------+----------+-------------------------------------------
     0 | D:1      | poirepourri the Spriggan Enchanter began the quest for the
                  | Orb.
     0 | D:1      | Reached XP level 1. HP: 9/9 MP: 5/5
    44 | D:1      | Reached skill level 5 in Stealth
   127 | D:1      | Reached XP level 2. HP: 9/13 MP: 6/6
   586 | D:1      | Learned a level 2 spell: Ensorcelled Hibernation
   819 | D:1      | Reached skill level 6 in Stealth
  1076 | D:2      | Found a faded altar of an unknown god.
  1117 | D:2      | Reached XP level 3. HP: 10/16 MP: 2/8
  1228 | D:2      | Learned a level 3 spell: Confuse
  1710 | D:2      | Reached skill level 7 in Stealth
  2011 | D:2      | Found a runed translucent door.
  2012 | D:2      | Noticed Crazy Yiuf
  2287 | D:2      | Killed Crazy Yiuf
  2287 | D:2      | Reached XP level 4. HP: 21/21 MP: 6/9
  2381 | D:3      | Reached skill level 8 in Stealth
  3486 | D:3      | Killed from afar by an orc priest

Skill      XL: |  1  2  3  4 |
---------------+-------------+-----
Stealth        | 5 6 7 8 |  8.7
Short Blades   | |  1.1
Dodging        | |  3.0
Spellcasting   | |  2.6
Hexes          | |  3.6

Action                   |  1- 3 |  4- 6 || total
-------------------------+-------+-------++-------
Melee: Dagger            |   126 |    63 ||   189
 Cast: Corona            |     1 |       ||     1
       Ensorcelled Hiber |    16 |    10 ||    26
  Use: Scroll            |     2 |     5 ||     7
 Stab: Sleeping          |    21 |    11 ||    32
  Eat: Ration            |       |     2 ||     2
Armor: Robe              |    12 |     3 ||    15
Dodge: Dodged            |    99 |    51 ||   150
